 Dungeon Crawl Stone Soup version 0.31-a0-1144-g99969ba1bc (webtiles) character file.

Game seed: 4016362502163776211

1737522 Flugkiller the Ecstatic (level 25, 149/191 HPs)
             Began as a Felid Shapeshifter on Dec 6, 2023.
             Was a Believer of Uskayaw.
             Escaped with the Orb
             ... and 3 runes!
             The game lasted 01:51:58 (62661 turns).

Flugkiller the Ecstatic (Felid Shapeshifter)       Turns: 62661, Time: 01:51:59

Health: 149/191    AC: 28    Str:  8    XL:     25   Next: 90%
Magic:  36/36      EV: 54    Int: 17    God:    Uskayaw [**....]
Gold:   6226       SH:  0    Dex: 29    Spells: 25/28 levels left
                                        Lives:  1   Deaths: 7

rFire   + .          .
                       - Unarmed
rCold   . . .        (shield unavailable)
rNeg    + . .        (body armour unavailable)
rPois   ∞            (helmet unavailable)
rElec   +            (cloak unavailable)
rCorr   .            (gloves unavailable)
SInv    +            (boots unavailable)
Will    ++++.        J - amulet of Zimin {Faith Drain Regen+ Str+2}
Stlth   +++          U - ring of the Hare {EV+10}
HPRegen 1.31/turn    p - ring of protection from fire
MPRegen 0.25/turn

%: faith
@: statue-form, studying 2 skills, very slow
A: slow and powerful, torment resistance 1, boosted hp, very small, claws 1,
fangs 3, see invisible, (shaggy fur 3), stealthy paws, no weapons or thrown
items, no armour, multi-lived, agile 1, clever 1, low MP 1, strong-willed 1,
weak 1
0: Orb of Zot
}: 3/15 runes: decaying, silver, gossamer
a: Begin Untransformation, Renounce Religion, Stomp, Line Pass


You escaped.
You worshipped Uskayaw.
Uskayaw was extremely pleased with you.
You were a living statue of rough stone.
You visited 10 branches of the dungeon, and saw 48 of its levels.
You also visited: Gauntlet, Ice Cave and Volcano.

You collected 8494 gold pieces.
You spent 2268 gold pieces at shops.

Inventory:

Jewellery
 m - a ring of willpower
   (You found it on level 1 of the Depths)
 p - a ring of protection from fire (right paw)
   (You found it in a Gauntlet)
 u - a +6 ring of strength
   (You took it off a vault guard on level 5 of the Vaults)
 v - the ring "Nuyplets" {rN+ Will+ Str+4}
   (You took it off a hell knight on level 4 of the Vaults)

   [ring of positive energy]

   Str+4:     It affects your strength (+4).
   rN+:       It protects you from negative energy.
   Will+:     It increases your willpower.
 x - a ring of resist corrosion
   (You found it on level 4 of the Spider Nest)
 C - the ring "Qeqax" {rElec rC+ rN+}
   (You took it off a frost giant on level 5 of the Vaults)

   [ring of positive energy]

   rC+:       It protects you from cold.
   rElec:     It insulates you from electricity.
   rN+:       It protects you from negative energy.
 J - the amulet of Zimin (around neck) {Faith Drain Regen+ Str+2}
   (You took it off a meliai on level 5 of the Lair of Beasts)

   [amulet of faith]

   Faith:     It allows you to gain divine favour quickly.
   Str+2:     It affects your strength (+2).
   Regen+:    It increases your rate of health regeneration.
   Drain:     It drains your maximum health when unequipped.
 K - a ring of flight
   (You found it on level 9 of the Dungeon)
 N - a +6 ring of dexterity
   (You found it on level 2 of the Elven Halls)
 Q - the ring of Spontaneous Combustion {rPois rC++ rN+ AC+4 Int+2}
   (You acquired it on level 3 of the Elven Halls)

   [ring of protection]

   AC+4:      It affects your AC (+4).
   Int+2:     It affects your intelligence (+2).
   rC++:      It greatly protects you from cold.
   rPois:     It protects you from poison rN+: It protects you from negative
   energy.
 T - the ring of Nosuu {rF+ Will- Str+4}
   (You found it in a Gauntlet)

   [ring of protection from fire]

   Str+4:     It affects your strength (+4).
   rF+:       It protects you from fire.
   Will-:     It decreases your willpower.
 U - the ring of the Hare (left paw) {EV+10}
   (You found it in a Gauntlet)

   [ring of evasion]

   EV+10:     It affects your evasion (+10).
 Z - the amulet "Muskai" {Acrobat Regen+ Str-3 Slay+5 SInv}
   (You found it on level 1 of the Vaults)

   [amulet of the acrobat]

   Acrobat:   It increases your evasion while moving and waiting.
   Str-3:     It affects your strength (-3).
   Slay+5:    It affects your accuracy & damage with ranged weapons and melee
   (+5).
   SInv:      It lets you see invisible.
   Regen+:    It increases your rate of health regeneration.
Talismans
 b - a granite talisman (active)
   (You found it on level 2 of the Vaults)
 R - a storm talisman
   (You found it on level 4 of the Vaults)
Wands
 g - a wand of acid (29)
   (You took it off a deep elf zephyrmancer on level 3 of the Elven Halls)
 l - a wand of polymorph (19)
   (You took it off Grinder on level 4 of the Dungeon)
 y - a wand of mindburst (74)
   (You found it on level 6 of the Dungeon)
 B - a wand of iceblast (39)
   (You found it on level 6 of the Dungeon)
 D - a wand of flame (99)
   (You took it off an orc on level 7 of the Dungeon)
 E - a wand of digging (28)
   (You found it on level 1 of the Lair of Beasts)
 L - a wand of charming (31)
   (You took it off an orc warrior on level 11 of the Dungeon)
Scrolls
 a - 6 scrolls of vulnerability
 c - 2 scrolls of butterflies
 f - a scroll of revelation
 i - 8 scrolls of immolation
 j - 2 scrolls of fear
 o - 4 scrolls of silence
 t - 25 scrolls of teleportation
 z - a scroll of blinking
 O - 10 scrolls of poison
 X - 2 scrolls of fog
Potions
 d - 6 potions of might
 e - 11 potions of enlightenment
 h - 4 potions of haste
 k - 3 potions of magic
 n - 7 potions of resistance
 q - 9 potions of curing
 s - 5 potions of berserk rage
 w - 10 potions of heal wounds
 A - 8 potions of brilliance
 G - 18 potions of ambrosia
 H - 6 potions of cancellation
 I - 6 potions of attraction
 M - 14 potions of lignification
 P - 9 potions of mutation
 W - 4 potions of invisibility
Miscellaneous
 r - a phantom mirror
   (You found it on level 3 of the Spider Nest)
 F - a tin of tremorstones (2/2)
   (You found it on level 4 of the Vaults)
 S - a lightning rod (4/4)
   (You found it on level 5 of the Lair of Beasts)
 V - a box of beasts
   (You found it in a Gauntlet)
 Y - a phial of floods
   (You found it on level 1 of the Spider Nest)


   Skills:
 - Level 20.0 Fighting
 - Level 20.0 Dodging
 - Level 20.0 Stealth
 - Level 20.0 Unarmed Combat
 - Level 2.0 Spellcasting
 - Level 8.0 Hexes
 - Level 3.0 Summonings
 - Level 1.0 Ice Magic
 + Level 25.9 Invocations
 - Level 12.0 Evocations
 - Level 17.5 Shapeshifting


You had 25 spell levels left.
You knew the following spells:

 Your Spells              Type           Power      Damage    Failure   Level
a - Summon Small Mammal   Summ           44%        N/A       5%          1
b - Ensorcelled Hibernat  Hex/Ice        34%        N/A       4%          2

Your spell library contained the following spells:

 Spells                   Type           Power      Damage    Failure   Level
 Jinxbite                 Hex            56%        N/A       1%          2
 Confusing Touch          Hex            28%        N/A       2%          3
 Sigil of Binding         Hex            28%        N/A       2%          3
 Cause Fear               Hex            14%        N/A       7%          4
 Call Imp                 Summ           22%        N/A       9%          2
 Inner Flame              Hex/Fire       15%        N/A       11%         3
 Freeze                   Ice            20%        1d4       13%         1
 Call Canine Familiar     Summ           11%        N/A       17%         3
 Apportation              Tloc           2%         N/A       19%         1
 Kiss of Death            Conj/Necr      4%         2d5       19%         1
 Magic Dart               Conj           4%         1d3       19%         1
 Necrotise                Necr           4%         1d4       19%         1
 Sandblast                Erth           2%         2d4       19%         1
 Blink                    Tloc           2%         N/A       28%         2
 Cigotuvi's Dreadful Rot  Necr/Pois/Air  2%         N/A       28%         2
 Passwall                 Tmut/Erth      0%         N/A       28%         2
 Poisonous Vapours        Pois/Air       2%         N/A       28%         2
 Scorch                   Fire           2%         2d5       28%         2
 Searing Ray              Conj           2%         2d4       28%         2
 Static Discharge         Conj/Air       2%         3-4/arc   28%         2
 Wereblood                Tmut           1%         N/A       28%         2
 Frozen Ramparts          Ice            10%        1d2       36%         3
 Anguish                  Hex/Necr       7%         N/A       36%         4
 Fulminant Prism          Conj/Hex       7%         3d7       36%         4
 Leda's Liquefaction      Hex/Erth       7%         N/A       36%         4
 Hailstorm                Conj/Ice       3%         3d5       43%         3
 Ignite Poison            Fire/Tmut/Pois 1%         N/A       50%         3
 Mephitic Cloud           Conj/Pois/Air  1%         N/A       50%         3
 Stone Arrow              Conj/Erth      2%         3d7       50%         3
 Swiftness                Air            1%         N/A       50%         3
 Vampiric Draining        Necr           1%         2d6       50%         3
 Volatile Blastmotes      Fire/Tloc      2%         2d10      50%         3
 Summon Lightning Spire   Summ/Air       6%         N/A       71%         4
 Silence                  Hex/Air        7%         N/A       71%         5
 Yara's Violent Unravell  Hex/Tmut       7%         3d5       71%         5
 Animate Dead             Necr           1%         N/A       88%         4
 Brom's Barrelling Bould  Conj/Erth      1%         2d3       88%         4
 Dispel Undead            Necr           1%         3d6       88%         4
 Flame Wave               Conj/Fire      1%         2d4       88%         4
 Iskenderun's Mystic Bla  Conj/Tloc      1%         2d3       88%         4
 Manifold Assault         Tloc           1%         N/A       88%         4
 Passage of Golubria      Tloc           1%         N/A       88%         4
 Sticky Flame             Conj/Fire      1%         2d3       88%         4
 Summon Forest            Summ/Tloc      3%         N/A       96%         5
 Agony                    Necr           1%         N/A       99%         5
 Fireball                 Conj/Fire      0%         3d3       99%         5
 Freezing Cloud           Conj/Ice/Air   1%         6-21      99%         5
 Iskenderun's Battlesphe  Conj           1%         2d6       99%         5
 Lee's Rapid Deconstruct  Erth           0%         3d4*      99%         5
 Enfeeble                 Hex            14%        N/A       99%         7
 Bombard                  Conj/Erth      0%         9d1       100%        6
 Conjure Ball Lightning   Conj/Air       0%         3x3d6     100%        6
 Eringya's Noxious Bog    Tmut/Pois      0%         4d6       100%        6
 Plasma Beam              Fire/Air       0%         2x1d10    100%        6
 Simulacrum               Ice/Necr       1%         N/A       100%        6
 Summon Cactus Giant      Summ           5%         N/A       100%        6
 Haunt                    Necr/Summ      3%         N/A       100%        7
 Orb of Destruction       Conj           0%         9d5       100%        7
 Ozocubu's Refrigeration  Ice            2%         4d8       100%        7
 Spellforged Servitor     Conj/Summ      3%         N/A       100%        7
 Summon Hydra             Summ           5%         N/A       100%        7
 Borgnjor's Revivificati  Necr           0%         N/A       100%        8
 Ignition                 Fire           0%         3d3       100%        8
 Infestation              Necr           0%         N/A       100%        8
 Lehudib's Crystal Spear  Conj/Erth      0%         10d2      100%        8
 Chain Lightning          Conj/Air       0%         2d1       100%        9
 Death's Door             Necr           0%         N/A       100%        9
 Dragon's Call            Summ           5%         N/A       100%        9
 Fire Storm               Conj/Fire      0%         6d1       100%        9
 Polar Vortex             Ice            2%         N/A       100%        9
 Shatter                  Erth           0%         3d5*      100%        9
 Sublimation of Blood     Necr           Unusable   N/A       N/A         2
 Dimensional Bullseye     Hex/Tloc       Unusable   N/A       N/A         4
 Animate Armour           Summ/Erth      Unusable   N/A       N/A         4

Dungeon Overview and Level Annotations

Branches:
Dungeon (15/15)            Temple (1/1) D:7            Lair (5/5) D:10
  Swamp (4/4) Lair:2       Spider (4/4) Lair:2        Slime (0/5) Lair:5
    Orc (2/2) D:10            Elf (3/3) Orc:2        Vaults (5/5) D:13
  Crypt (0/3) Vaults:2     Depths (4/4) D:15            Zot (5/5) Depths:4
  IceCv (visited)         Volcano (visited)         Gauntlet (visited)

Altars:
Ashenzari
Cheibriados
Dithmenos
Elyvilon
Fedhas
Gozag
Hepliaklqana
Kikubaaqudgha
Makhleb
Nemelex Xobeh
Okawaru
Qazlal
Ru
Sif Muna
Trog
Uskayaw
Vehumet
Wu Jian
Xom
Yredelemnul
Zin
The Shining One
Jiyva
Lugonu

Shops:
Orc:2 =?[[   Elf:1 =   Elf:2 *   Vaults:1 :   Vaults:3 (   Depths:2 *
Depths:3 (::   Depths:4 :=:

Portals:
Hell: Depths:1 Depths:2 Depths:3 Depths:4
Abyss: Depths:3 Depths:4
Pandemonium: Depths:2
Ziggurat: Depths:4
Trove: Elf:2 (give 6 scrolls of fear)

Annotations:
D:2 exclusion: 3 gnolls
D:4 Blork the orc
D:10 exclusion: door
Lair:1 2 transporters, Rayvis's ghost, journeyman DsFi
Lair:3 3 runed translucent doors, Pinugh's ghost, journeyman GnHu
Spider:4 1 runed translucent door, Xirhei's ghost, adept AtWn
Elf:2 2 runed translucent doors
Depths:4 3 runed translucent doors


Innate Abilities, Weirdness & Mutations

You are a living statue of rough stone.
Your actions are slow, but your melee attacks are powerful.
You are resistant to unholy torment.
Your maximum health is greatly increased.
You are immune to poison.
You have sharp claws.
You have razor-sharp teeth.
You have supernaturally acute eyesight. (SInv)
((Your thick and shaggy fur keeps you warm. (AC +3, rC+)))
Your paws help you pounce on unaware monsters.
You are incapable of wielding weapons or throwing items.
You cannot wear armour.
You gain extra lives every three experience levels.
You are agile. (Dex +4, Str/Int -1)
Your mind is acute. (Int +4, Str/Dex -1)
Your magical capacity is low. (-10% MP)
You are strong-willed. (Will+)
You are weak. (Str -2)


Message History

An orange demon comes into view.
The orange demon completely misses you.
There is a stone staircase leading up here.
You climb upwards.
There is a stone staircase leading down here.
You see here a +2 buckler.
A Hell Sentinel comes into view.
The Hell Sentinel roars!
There is a stone staircase leading up here.
You climb upwards.
There is a stone staircase leading down here. 2 golden eyes come into view.
The golden eye turns its gaze towards you.
The golden eye moves out of view.
Things that are here:
a boomerang; a +0 short sword You see here a +0 war axe.
The golden eye blinks at you. You resist with almost no effort.
There is a stone staircase leading up here.
You climb upwards.
There is a stone staircase leading down here.
There is a stone staircase leading up here.
You climb upwards.
There is a stone staircase leading down, spattered with blood here.
A toenail golem comes into view.
There is a stone staircase leading up here.
You climb upwards.
Level annotation: Blork the orc
There is a stone staircase leading down here.
Things that are here:
a +2 robe of fire resistance; a +0 dagger
There is an open door here.
Things that are here:
a stone; a +0 whip
There is a stone staircase leading up here.
You climb upwards.
There is a stone staircase leading down here.
There is a stone staircase leading up here.
You climb upwards.
Level annotation: exclusion: 3 gnolls
There is a stone staircase leading down here.
An efreet comes into view.
It is wielding a +4 scimitar of flaming.
The efreet gestures at you.
The fireball explodes!
The fireball engulfs you! You resist.
The fireball engulfs the efreet.
The efreet completely resists.
There is an escape hatch in the ceiling here.
You barely miss the efreet. You mangle the efreet!!
The efreet is severely wounded.
The efreet completely misses you.
You claw the efreet! You claw the efreet, but do no damage.
You bite the efreet, but do no damage.
The efreet is almost dead.
You scratch the efreet but do no damage.
Your claw misses the efreet. You bite the efreet, but do no damage.
The efreet is almost dead.
The efreet completely misses you.
You barely miss the efreet. You bite the efreet.
The efreet is almost dead.
The efreet misses you.
You claw the efreet!
You kill the efreet!
You can now pass through a line of other dancers.
A mysterious force pulls you upwards. The hatch slams shut behind you.
HP restored.
You see here a +0 short sword.
There is an open gate here.
An Orb Guardian comes into view.
There is a staircase leading out of the dungeon here.
Enter note: The Orb Guardian completely misses you.
You claw the Orb Guardian!
You bite the Orb Guardian, but do no damage.
The Orb Guardian is moderately wounded.
The Orb Guardian completely misses you.
You claw the Orb Guardian!
You bite the Orb Guardian, but do no damage.
The Orb Guardian is moderately wounded.
The Orb Guardian completely misses you.
You mangle the Orb Guardian!! Your bite misses the Orb Guardian.
The Orb Guardian is heavily wounded.
The Orb Guardian completely misses you.
You can now pass through a line of other dancers.
You scratch the Orb Guardian. Your claw misses the Orb Guardian.
The Orb Guardian is heavily wounded.
The Orb Guardian completely misses you.
You mangle the Orb Guardian!!
You bite the Orb Guardian, but do no damage.
The Orb Guardian is almost dead.
The Orb Guardian completely misses you.
You mangle the Orb Guardian!!
You kill the Orb Guardian!
Uskayaw will force your foes to helplessly watch your dance.
No target in view!
There is a staircase leading out of the dungeon here.
You begin transforming.
You continue transforming. x3
You turn into a living statue of rough stone.
Enter note: gg You have escaped!

########........⌠........# ## #
#.................# #.
#.................#######. #####
#..#####...#####......#... ....#
#..#...#####...#..###>.### ....##
#..#.8.......8.#......## #
.....###..#...........#......#
..........###.......###......## #
....####....#...8...#........)###
##### #....#.......#....#####...
##### #....#.......#....# ##..
#...## #....#....)..#....# ##..
.###.###....#.......#....# #...
#####.##....###...###....#####...
..............#'''#......##.##...
...##.##...................#.##..
...#..##.....♣.....♣.....##.####.


There were no monsters in sight!

Vanquished Creatures
  7 dread liches
  2 ancient liches
  6 orbs of fire (Zot:5)
  Mara (Vaults:4)
  Vv (Zot:4)
  A shard shrike (IceCv)
  the Lernaean hydra (Swamp:4)
  4 Killer Klowns
  Xtahua (Vaults:5)
  Margery (Depths:2)
  2 curse toes
  Jory (Vaults:4)
  13 golden dragons
  2 bone dragons
  4 electric golems
  16 tentacled monstrosities
  3 liches
  2 deep elf blademasters (Elf:3)
  A walking crystal tome (Depths:3)
  22 Orb Guardians
  5 quicksilver dragons
  7 titans (Vaults:5)
  2 deep elf master archers (Elf:3)
  An Executioner (Zot:1)
  6 sphinxes
  7 death cobs
  11 storm dragons
  11 shadow dragons
  3 tengu reavers
  Agnes (D:15)
  6 fire giants
  9 draconian monks
  2 iron dragons
  A daeva (Vaults:2)
  6 frost giants
  5 draconian knights
  4 deep elf sorcerers
  An emperor scorpion (Spider:1)
  4 draconian scorchers
  4 deep elf elementalists (Elf:3)
  An angel (Vaults:2)
  18 vault wardens
  5 ghost moths
  2 orc warlords
  The ghost of Fyemmoih the Polluter, a journeyman DrFE of Vehumet (Spider:3)
  6 draconian annihilators
  20 ironbound preservers
  A formless jellyfish (Vaults:4)
  5 ghouls
  13 stone giants
  6 draconian shifters
  A reaper (Zot:4)
  23 very ugly things
  5 draconian stormcallers
  5 war gargoyles
  4 broodmothers
  10 ironbound thunderhulks
  3 eleionomae
  10 black draconians
  A vampire knight (Depths:2)
  14 green draconians
  15 purple draconians
  8 yellow draconians
  8 deep elf demonologists
  6 deep elf annihilators
  Azrael (D:15)
  18 red draconians
  9 white draconians
  9 dire elephants
  4 spark wasps
  3 bunyips
  A minotaur (Gauntlet)
  10 ettins
  2 jiangshi (Depths:3)
  4 crystal guardians
  3 deep elf high priests
  An entropy weaver (shapeshifter) (Vaults:3)
  12 deep elf death magi
  6 rakshasas
  2 entropy weavers
  9 fire dragons
  13 yaktaur captains
  A shambling mangrove (Swamp:1)
  8 great orbs of eyes
  12 alligators
  11 ice dragons
  4 peacekeepers
  31 vault guards
  16 hydras
  6 radroaches
  3 spriggan air magi
  5 two-headed ogres
  A ghost crab (Swamp:2)
  A jorogumo (Spider:3)
  9 deep troll shamans
  2 catoblepae (Lair:3)
  A two-headed ogre (shapeshifter) (Vaults:5)
  7 centaur warriors
  A satyr (shapeshifter) (Depths:4)
  15 ironbound frosthearts
  11 boulder beetles
  3 tengu warriors
  3 hell hogs (Depths:3)
  A death scarab (Spider:3)
  16 dancing weapons
  3 demonic crawlers
  7 deep troll earth magi
  2 occultists
  8 spriggan berserkers
  Urug (Lair:5)
  2 vampire magi
  6 death yaks (Lair:5)
  4 orc high priests (Orc:2)
  13 deep elf knights
  A sun demon (Depths:2)
  7 hell knights
  A sixfirhy (Depths:3)
  12 iron trolls
  9 pharaoh ants
  3 skysharks
  A skeletal warrior (D:11)
  2 shadow wraiths
  A death drake (shapeshifter) (Depths:2)
  5 sun moths
  7 goliath frogs
  3 spriggan druids
  A flayed ghost (Depths:4)
  A death drake (Zot:3)
  2 bog bodies
  A sea snake (shapeshifter) (Depths:4)
  7 orb spiders
  51 deep trolls
  3 orb spiders (shapeshifter)
  14 swamp dragons
  6 phantasmal warriors
  3 glowing orange brains
  10 lindwurms
  12 necromancers
  3 steelbarb worms
  6 harpies
  23 ironbound convokers
  17 deep elf archers
  11 orc knights
  20 wolf spiders
  31 deep elf pyromancers
  An orange crystal statue (IceCv)
  3 orc sorcerers (Orc:2)
  A wolf spider (shapeshifter) (Vaults:3)
  An arcanist (Vaults:4)
  23 deep elf zephyrmancers
  A glowing shapeshifter (Vaults:5)
  50 ugly things
  A stone giant zombie (Depths:1)
  4 will-o-the-wisps
  9 cyclopes
  32 moths of wrath
  4 manticores
  A faun (shapeshifter) (Depths:2)
  A guardian serpent (Lair:3)
  An elf zombie (Vaults:2)
  2 black mambas
  4 torpor snails
  25 vault sentinels
  35 elephants
  3 kobold blastminers
  A guardian serpent (shapeshifter) (Vaults:5)
  A gargoyle (D:12)
  2 ice statues (Spider:2)
  A water nymph (shapeshifter) (Vaults:5)
  2 emperor scorpion simulacra (Spider:3)
  3 unseen horrors
  2 efreet
  19 rime drakes
  20 cane toads
  27 yaktaurs
  A hellion (Zot:4)
  A yaktaur zombie (Vaults:2)
  2 kobold demonologists (D:13)
  3 freezing wraiths
  A ghost moth simulacrum (Spider:3)
  A minotaur zombie (Gauntlet)
  13 komodo dragons
  2 tengu conjurers
  A human skeleton (Vaults:2)
  2 spriggan skeletons (Depths:1)
  9 trolls
  A queen bee (Lair:4)
  5 meliai
  22 polar bears
  18 blink frogs
  Grinder (D:4)
  5 tyrant leeches
  6 dream sheep (Lair:5)
  7 hornets
  4 glass eyes
  A spriggan zombie (Depths:1)
  27 tarantellas
  A glass eye (shapeshifter) (Vaults:5)
  28 jumping spiders
  Sigmund (D:6)
  32 slime creatures
  2 shadows (Gauntlet)
  6 air elementals
  A spriggan (shapeshifter) (Elf:2)
  4 spriggans
  23 culicivoras
  9 water elementals
  2 wraiths
  7 basilisks
  A vampire (D:10)
  52 yaks
  6 wyverns
  3 death yak simulacra (Lair:5)
  29 vampire mosquitoes
  2 steam dragons
  8 fire elementals
  35 redbacks
  Menkaure (D:4)
  2 acid dragons
  6 wargs
  A spectral entropy weaver (Spider:3)
  13 swamp worms
  14 water moccasins
  A glowing shapeshifter skeleton (Depths:1)
  3 hydra simulacra (Lair:5)
  A hell hound (D:15)
  6 swamp drakes
  3 black bears
  An ice beast (D:5)
  42 orc warriors
  5 sky beasts
  8 wolves
  3 ettin simulacra (Depths:3)
  A human zombie (Vaults:2)
  20 ogres
  A boggart (shapeshifter) (D:13)
  3 boggarts (Vaults:1)
  16 centaurs
  3 phantoms
  5 kobold brigands
  15 bullfrogs
  4 scorpions
  A gnoll sergeant (D:10)
  A necrophage (Swamp:1)
  4 earth elementals
  12 killer bees (Lair:5)
  2 elephant simulacra (Lair:5)
  8 howler monkeys
  2 jellies
  A human simulacrum (Vaults:2)
  31 orc priests
  A gnoll bouda (D:8)
  4 hounds
  5 iguanas
  2 sleepcaps
  23 orc wizards
  2 hell rats
  9 gnolls
  A river rat (D:10)
  7 adders
  A shadow imp (D:7)
  3 hell rat simulacra (Lair:5)
  2 ufetubi (D:7)
  6 worms
  4 dart slugs
  101 orcs
  4 endoplasms
  4 giant cockroaches
  3 goblins
  5 hobgoblins
  5 quokkas
  6 ball pythons
  5 bats
  19 kobolds
  10 rats
2110 creatures vanquished.

Vanquished Creatures (collateral kills)
  A deep elf annihilator (Elf:3)
  A yellow draconian (Zot:2)
  An entropy weaver (Vaults:5)
3 creatures vanquished.

Vanquished Creatures (others)
  A Killer Klown (Zot:2)
  A death cob (Zot:2)
  A draconian stormcaller (Zot:2)
  A spriggan air mage (Swamp:3)
  A rakshasa (D:15)
  2 spriggans
  2 deep elf pyromancers
  2 deep elf zephyrmancers
  A wolf spider (Spider:4)
  3 bloated husks
  2 hornets
  A slime creature (Vaults:4)
  A redback (Spider:4)
  2 foxfires (Swamp:1)
21 creatures vanquished.

Grand Total: 2134 creatures vanquished

Notes
Turn   | Place    | Note
-------+----------+-------------------------------------------
     0 | D:1      | Flugkiller the Felid Shapeshifter began the quest for the
                  | Orb.
     0 | D:1      | Reached XP level 1. HP: 9/9 MP: 2/2
     0 | D:1      | Upgraded the game from 0.31-a0-1134-gb247575874 to
                  | 0.31-a0-1144-g99969ba1bc
   425 | D:1      | Reached XP level 2. HP: 15/15 MP: 3/3
   834 | D:2      | Found a faded altar of an unknown god.
   884 | D:2      | Reached XP level 3. HP: 14/18 MP: 4/4
  1532 | D:2      | Found a shadowy altar of Dithmenos.
  1876 | D:3      | Reached XP level 4. HP: 22/23 MP: 5/5
  2342 | D:4      | Found an ornate altar of the Wu Jian Council.
  2346 | D:4      | Found a shimmering blue altar of Sif Muna.
  2380 | D:4      | Noticed a black bear
  2574 | D:4      | Noticed Menkaure
  2603 | D:4      | Slain by an orc
  2635 | D:4      | Reached skill level 5 in Dodging
  2848 | D:4      | Killed Menkaure
  2849 | D:4      | Reached skill level 1 in Evocations
  2849 | D:4      | Reached XP level 5. HP: 28/28 MP: 6/6
  2977 | D:4      | Noticed an ogre
  3053 | D:4      | Killed an ogre
  3054 | D:4      | Gained mutation: You are covered in thick fur. (AC +2)
                  | [Felid growth]
  3054 | D:4      | Reached XP level 6. HP: 32/32 MP: 7/7
  3124 | D:4      | Noticed Grinder
  3844 | D:5      | Entered Level 5 of the Dungeon
  3874 | D:4      | Killed Grinder
  3875 | D:4      | Reached skill level 5 in Unarmed Combat
  3875 | D:4      | Reached XP level 7. HP: 36/36 MP: 8/8
  4218 | D:4      | Noticed Blork the orc
  4219 | D:4      | Blork the orc changed into Blork the swamp drake
  4219 | D:4      | Noticed Blork
  4220 | D:4      | Blork the swamp drake changed into Blork the steam dragon
  4220 | D:4      | Noticed Blork
  5586 | D:6      | Noticed Sigmund
  5586 | D:6      | Found a bloodstained altar of Trog.
  5702 | D:5      | Reached skill level 5 in Shapeshifting
  5743 | D:5      | Reached XP level 8. HP: 39/42 MP: 7/9
  6677 | D:6      | Killed Sigmund
  6678 | D:6      | Reached skill level 5 in Fighting
  6734 | D:6      | Found a snail-covered altar of Cheibriados.
  6944 | D:6      | Reached XP level 9. HP: 41/47 MP: 7/10
  7562 | D:7      | Found a staircase to the Ecumenical Temple.
  7571 | Temple   | Entered the Ecumenical Temple
  7579 | Temple   | Became a worshipper of Uskayaw the Reveller
  7693 | D:7      | Reached * piety under Uskayaw
  7701 | D:7      | Reached ** piety under Uskayaw
  7703 | D:7      | Reached *** piety under Uskayaw
  7984 | D:7      | Reached skill level 5 in Evocations
  8889 | D:8      | Reached skill level 10 in Dodging
  8889 | D:8      | Reached skill level 1 in Invocations
  9561 | D:9      | Reached skill level 2 in Invocations
  9741 | D:9      | Reached XP level 10. HP: 51/51 MP: 11/13
  9788 | D:9      | Reached skill level 3 in Invocations
  9803 | D:9      | Reached **** piety under Uskayaw
  9898 | D:9      | Reached skill level 4 in Invocations
  9904 | D:9      | Reached skill level 5 in Invocations
  9910 | D:9      | Reached ***** piety under Uskayaw
 10107 | D:9      | Identified the +1 chain mail of the Gloaming {rElec rC-
                  | rN++ Slay+6}
 10385 | D:10     | Entered Level 10 of the Dungeon
 10738 | D:10     | Noticed a two-headed ogre
 11007 | D:10     | Learned a level 1 spell: Summon Small Mammal
 11045 | D:10     | Found a staircase to the Orcish Mines.
 11142 | D:10     | Reached skill level 1 in Spellcasting
 11142 | D:10     | Reached skill level 1 in Summonings
 11386 | D:10     | Noticed a death yak
 11386 | D:10     | Noticed a death yak
 11471 | D:10     | Reached XP level 11. HP: 29/55 MP: 8/15
 11782 | D:10     | Noticed a death yak
 12165 | D:11     | Noticed a boulder beetle
 13015 | D:11     | Killed a boulder beetle
 13197 | D:11     | Found a glowing golden altar of the Shining One.
 13269 | D:11     | Noticed a two-headed ogre
 13279 | D:11     | Reached skill level 6 in Invocations
 13553 | D:11     | Noticed a skeletal warrior
 13587 | D:11     | Killed a skeletal warrior
 13698 | D:11     | Killed a two-headed ogre
 13957 | D:11     | Reached skill level 7 in Invocations
 14193 | D:11     | Found a glowing golden altar of the Shining One.
 14336 | D:10     | Found a staircase to the Lair.
 14353 | Lair:1   | Entered Level 1 of the Lair of Beasts
 14396 | Lair:1   | Reached skill level 10 in Shapeshifting
 14413 | Lair:1   | Noticed a five-headed hydra
 14427 | Lair:1   | Killed a five-headed hydra
 14428 | Lair:1   | Gained mutation: Your thick and shaggy fur keeps you warm.
                  | (AC +3, rC+) [Felid growth]
 14428 | Lair:1   | Reached XP level 12. HP: 32/61 MP: 9/18
 14446 | Lair:1   | Reached ****** piety under Uskayaw
 14940 | Lair:1   | Reached skill level 1 in Stealth
 15258 | Lair:1   | Noticed Rayvis's ghost (journeyman DsFi)
 15267 | Lair:1   | Found a transporter.
 15277 | Lair:1   | Found a transporter.
 15394 | Lair:1   | Reached skill level 5 in Stealth
 15950 | Lair:2   | Reached skill level 10 in Unarmed Combat
 16629 | Lair:2   | Found a hole to the Spider Nest.
 17152 | Lair:2   | Found a staircase to the Swamp.
 17312 | Lair:2   | Reached skill level 8 in Invocations
 17315 | Lair:2   | Reached XP level 13. HP: 68/68 MP: 18/20
 17601 | Lair:2   | Reached skill level 9 in Invocations
 17604 | Lair:2   | Learned a level 2 spell: Ensorcelled Hibernation
 17886 | Lair:2   | Reached skill level 1 in Hexes
 17941 | Lair:3   | Reached skill level 1 in Ice Magic
 18324 | Lair:3   | Reached skill level 5 in Hexes
 18347 | Lair:3   | Found a runed translucent gate.
 18347 | Lair:3   | Found a runed translucent gate.
 18370 | Lair:3   | Noticed Pinugh's ghost (journeyman GnHu)
 18370 | Lair:3   | Found the dreamshard necklace {Acrobat *Dream}
 18388 | Lair:3   | Found a runed translucent gate.
 20026 | Lair:3   | Found the +3 pair of seven-league boots {Rampage+∞}
 20778 | Lair:4   | Reached XP level 14. HP: 73/73 MP: 21/21
 21240 | Lair:5   | Entered Level 5 of the Lair of Beasts
 21476 | Lair:5   | Found a dark tunnel.
 21488 | Volcano  | Entered a volcano
 22236 | Lair:5   | Identified the amulet of Zimin {Faith Drain Regen+ Str+2}
 22501 | Lair:5   | Found a staircase to the Slime Pits.
 22501 | Lair:5   | Found a viscous altar of Jiyva.
 22809 | Lair:5   | Noticed Urug
 22824 | Lair:5   | Killed Urug
 23084 | Lair:5   | Reached skill level 10 in Fighting
 23275 | Lair:5   | HP: 3/77 [death yak (26)]
 24385 | D:13     | Reached XP level 15. HP: 58/80 MP: 22/22
 24395 | D:13     | Found a gate leading to a gauntlet.
 24419 | Gauntlet | Entered a Gauntlet
 24419 | Gauntlet | Found a transporter.
 24419 | Gauntlet | Found a transporter.
 24435 | Gauntlet | Found a transporter.
 24439 | Gauntlet | Found a transporter.
 24451 | Gauntlet | Found a transporter.
 24453 | Gauntlet | Found a transporter.
 24463 | Gauntlet | Found a transporter.
 24484 | Gauntlet | Found a transporter.
 24501 | Gauntlet | Found a transporter.
 24505 | Gauntlet | Found a transporter.
 24517 | Gauntlet | Found a transporter.
 24519 | Gauntlet | Found a transporter.
 24670 | Gauntlet | Identified the ring of Nosuu {rF+ Will- Str+4}
 24796 | Gauntlet | Found the ring of the Hare {EV+10}
 24796 | Gauntlet | Identified the +6 hand axe "Yqicat" {pain, rF+ Will+}
 24831 | Gauntlet | Identified the staff "Giqast" {rPois Stlth+ Poison}
 25320 | D:13     | Found a gate to the Vaults.
 26095 | D:15     | Entered Level 15 of the Dungeon
 26594 | D:15     | Noticed Agnes
 26595 | D:15     | Noticed Azrael
 26612 | D:15     | Killed from afar by Azrael
 26660 | D:15     | Killed Azrael
 26798 | D:15     | Killed Agnes
 26799 | D:15     | Reached skill level 15 in Shapeshifting
 27018 | D:15     | Found a staircase to the Depths.
 27241 | Orc:1    | Entered Level 1 of the Orcish Mines
 27243 | Orc:1    | Found an iron altar of Okawaru.
 27689 | Orc:2    | Entered Level 2 of the Orcish Mines
 28019 | Orc:2    | Reached skill level 10 in Invocations
 28021 | Orc:2    | Reached skill level 15 in Dodging
 28179 | Orc:2    | Found Xiovita's Armour Shop.
 28192 | Orc:2    | Found Qeihidol's Armour Boutique.
 28224 | Orc:2    | Reached XP level 16. HP: 85/85 MP: 24/24
 28532 | Orc:2    | Found a staircase to the Elven Halls.
 28607 | Orc:2    | Got Raxteel's Folio of Charnel Silt
 28845 | Orc:2    | Found Vaggapp's Magic Scroll Boutique.
 28884 | Orc:2    | Bought a scroll of teleportation for 42 gold pieces
 28884 | Orc:2    | Bought a scroll of teleportation for 42 gold pieces
 28946 | Orc:2    | Found Qoogaose's Jewellery Shoppe.
 29302 | Swamp:1  | Entered Level 1 of the Swamp
 29366 | Swamp:1  | Identified the ring of Tiutemoo {MP+9 Int+3}
 29472 | Swamp:1  | Slain by an alligator
 31360 | Swamp:4  | Entered Level 4 of the Swamp
 32936 | Swamp:4  | Identified a scroll of acquirement
 32937 | Swamp:4  | Acquired 1051 gold pieces
 33124 | Swamp:4  | Noticed the 27-headed Lernaean hydra
 33526 | Swamp:3  | Reached XP level 17. HP: 68/94 MP: 25/25
 33643 | Swamp:4  | Killed the 27-headed Lernaean hydra
 34171 | Swamp:4  | Got a decaying rune of Zot
 34322 | Spider:1 | Entered Level 1 of the Spider Nest
 34453 | Lair:2   | Reached skill level 15 in Unarmed Combat
 35242 | Spider:2 | Found a frozen archway.
 35347 | Spider:2 | Reached skill level 11 in Invocations
 35357 | IceCv    | Entered an ice cave
 35880 | IceCv    | Reached skill level 12 in Invocations
 36090 | IceCv    | Noticed a shard shrike
 36107 | IceCv    | Killed a shard shrike
 36133 | IceCv    | Reached skill level 13 in Invocations
 36540 | Spider:2 | HP: 4/95 [radroach (31)]
 36572 | Spider:2 | Gained mutation: You are occasionally teleported next to
                  | monsters. [mutagenic glow]
 36588 | Spider:2 | Lost mutation: You are occasionally teleported next to
                  | monsters. [potion of mutation]
 36588 | Spider:2 | Gained mutation: Your mind is acute. (Int +4, Str/Dex -1)
                  | [potion of mutation]
 36588 | Spider:2 | Gained mutation: You are agile. (Dex +4, Str/Int -1)
                  | [potion of mutation]
 36588 | Spider:2 | Gained mutation: You are strong-willed. (Will+) [potion of
                  | mutation]
 38295 | Spider:3 | Noticed Fyemmoih's ghost (journeyman DrFE)
 38297 | Spider:3 | Found a transporter.
 38317 | Spider:3 | Found a transporter.
 38981 | Spider:3 | Reached skill level 10 in Stealth
 38992 | Spider:3 | Killed Fyemmoih's ghost
 39261 | Spider:4 | Entered Level 4 of the Spider Nest
 39353 | Spider:4 | Reached XP level 18. HP: 100/100 MP: 28/28
 40049 | Spider:4 | Found a shimmering altar of Xom.
 40049 | Spider:4 | Noticed Xirhei's ghost (adept AtWn)
 40050 | Spider:4 | Found a runed translucent door.
 40108 | Spider:4 | Reached skill level 14 in Invocations
 40630 | Spider:4 | Reached skill level 15 in Invocations
 41074 | Spider:4 | HP: 4/100 [wolf spider[a broodmother] (21)]
 41470 | Spider:4 | Got a gossamer rune of Zot
 41474 | Spider:4 | Identified the +2 pair of gloves of Not Qolo {rF+ Str+4}
 41916 | Elf:1    | Entered Level 1 of the Elven Halls
 42379 | Elf:1    | Found Lopiostre's One-of-a-Kind Rings.
 42754 | Elf:1    | Found an ancient bone altar of Kikubaaqudgha.
 43435 | Elf:2    | Paralysed by an air elemental for 1 turns
 43439 | Elf:2    | Paralysed by an air elemental for 1 turns
 43441 | Elf:2    | Slain by a +3 antimagic hand axe
 43503 | Elf:2    | Paralysed by an air elemental for 1 turns
 43590 | Elf:2    | Found a portal to a secret trove of treasure.
 43699 | Elf:2    | Found Pagipeast's Assorted Antiques.
 43728 | Elf:2    | Reached XP level 19. HP: 107/107 MP: 31/31
 43853 | Elf:2    | Bought 2 potions of heal wounds for 380 gold pieces
 43853 | Elf:2    | Bought a potion of curing for 114 gold pieces
 43916 | Elf:2    | Found a runed translucent door.
 43944 | Elf:2    | Found a runed translucent door.
 44061 | Elf:3    | Entered Level 3 of the Elven Halls
 44148 | Elf:3    | Reached skill level 15 in Fighting
 44393 | Elf:3    | Acquired the ring of Spontaneous Combustion {rPois rC++ rN+
                  | AC+4 Int+2}
 44757 | Elf:3    | Identified the +5 sling of Crawling {freeze, +Blink rF-
                  | Int+3}
 44805 | Elf:3    | Slain by a deep elf blademaster
 45111 | Elf:3    | Identified the +1 leather armour "Obuxaal" {Will++ Dex-3
                  | Slay+5}
 45111 | Elf:3    | Identified the amulet of Xampax {rPois rC+ Regen+ Int+2}
 45115 | Elf:3    | Engulfed by a cloud of flame
 45425 | Elf:3    | Identified the staff "Piveusum" {rElec rC+ Air}
 45430 | Elf:3    | Identified the staff "Gimawier" {rElec Int+2 Conj}
 45432 | Elf:3    | Identified the staff of Sulphur {rC+ Str+4 Ice}
 45475 | Elf:3    | Got the Codex of the Mantle and the Blaze
 45796 | Vaults:1 | Entered Level 1 of the Vaults
 46175 | Vaults:1 | Found Luotiofa's Book Emporium.
 46359 | Vaults:1 | Got the Precepts of the Burning Bane
 46363 | Vaults:1 | Identified the amulet "Muskai" {Acrobat Regen+ Str-3 Slay+5
                  | SInv}
 47030 | Vaults:1 | Reached XP level 20. HP: 113/113 MP: 32/32
 47924 | Vaults:2 | Noticed a bone dragon
 47926 | Vaults:2 | Found a staircase to the Crypt.
 47937 | Vaults:2 | Killed a bone dragon
 48202 | Vaults:2 | Found a runed gate.
 48203 | Vaults:2 | Found a runed gate.
 48205 | Vaults:2 | Found a runed gate.
 48864 | Vaults:2 | Found a glowing golden altar of the Shining One.
 48885 | Vaults:2 | Got the Cyclopedia of Gases
 48986 | Vaults:3 | Found Equewom's Weapon Shoppe.
 50113 | Vaults:4 | Noticed Mara
 50116 | Vaults:4 | Killed Mara
 50117 | Vaults:4 | Reached XP level 21. HP: 119/119 MP: 24/33
 50558 | Vaults:4 | Noticed Jory
 50579 | Vaults:4 | Killed Jory
 51326 | Vaults:5 | Entered Level 5 of the Vaults
 51515 | Vaults:5 | Noticed a dread lich
 51521 | Vaults:5 | Killed a dread lich
 51546 | Vaults:5 | Noticed a dread lich
 51547 | Vaults:5 | Killed a dread lich
 51581 | Vaults:5 | Noticed a golden dragon
 51592 | Vaults:5 | Killed a golden dragon
 51592 | Vaults:5 | Identified the +2 long sword "Arbiter" {drain, rElec rPois
                  | rCorr Int+4}
 51645 | Vaults:5 | Noticed a golden dragon
 51652 | Vaults:5 | Killed a golden dragon
 51748 | Vaults:5 | Reached XP level 22. HP: 108/128 MP: 28/34
 51764 | Vaults:5 | Noticed Xtahua
 51775 | Vaults:5 | Killed Xtahua
 52082 | Vaults:5 | Identified the +8 great sword "Vasai" {antimagic, rPois
                  | Will+ Stlth+}
 52082 | Vaults:5 | Identified the ring "Nuyplets" {rN+ Will+ Str+4}
 52082 | Vaults:5 | Identified the ring of Fempy {Wiz Dex+4}
 52214 | Vaults:5 | Identified the ring "Qeqax" {rElec rC+ rN+}
 52269 | Vaults:5 | Got a silver rune of Zot
 52362 | Vaults:5 | Identified the +1 ring mail of Good Intentions {Int+3}
 52394 | Vaults:5 | Noticed a dread lich
 52402 | Vaults:5 | Killed a dread lich
 52709 | Vaults:5 | Noticed a golden dragon
 52721 | Vaults:5 | Killed a golden dragon
 53066 | Depths:1 | Entered Level 1 of the Depths
 53583 | Depths:1 | Found a broken altar of Ashenzari.
 53602 | Depths:1 | Reached skill level 16 in Invocations
 53718 | Depths:1 | Found a gateway to Hell.
 53874 | Depths:1 | Found a shimmering blue altar of Sif Muna.
 54150 | Depths:2 | Noticed Margery
 54166 | Depths:2 | Killed Margery
 54168 | Depths:2 | Reached skill level 17 in Invocations
 54345 | Depths:2 | Found Dumoocsac's General Store.
 54353 | Depths:2 | Bought 2 potions of curing for 90 gold pieces
 54353 | Depths:2 | Bought a potion of heal wounds for 75 gold pieces
 54353 | Depths:2 | Bought a scroll of fog for 60 gold pieces
 54579 | Depths:1 | Reached XP level 23. HP: 48/137 MP: 31/36
 54921 | Depths:2 | Reached skill level 18 in Invocations
 54964 | Depths:2 | Found a one-way gate leading to the halls of Pandemonium.
 54971 | Depths:2 | You fall into a shaft and drop 1 floor!
 55149 | Depths:3 | Found a corrupted altar of Lugonu.
 55149 | Depths:3 | Found a one-way gate to the infinite horrors of the Abyss.
 55536 | Depths:3 | Reached skill level 19 in Invocations
 55624 | Depths:3 | Found Ymol's Weapon Shop.
 55626 | Depths:3 | Found Pef Wif's Book Boutique.
 55628 | Depths:3 | Found Attoycsi's Book Shop.
 56024 | Depths:4 | Entered Level 4 of the Depths
 56235 | Depths:4 | Found Lihofo Wiuh's Book Emporium.
 56236 | Depths:4 | Found Roinu's Jewellery Shop.
 56246 | Depths:4 | Found Hiujil's Book Emporium.
 56264 | Depths:4 | Bought a manual of Stealth for 1360 gold pieces
 56381 | Depths:4 | Reached skill level 20 in Invocations
 56584 | Depths:4 | Found a runed translucent door.
 56584 | Depths:4 | Found a runed translucent door.
 56672 | Depths:4 | Found a runed translucent door.
 56679 | Depths:4 | Found a runed translucent door.
 56692 | Depths:4 | Found a runed translucent door.
 56796 | Depths:4 | Reached skill level 21 in Invocations
 56857 | Depths:4 | Found a one-way gateway to a ziggurat.
 56975 | Depths:4 | Found a runed translucent door.
 57131 | Depths:4 | Found a gate to the Realm of Zot.
 57320 | Zot:1    | Entered Level 1 of the Realm of Zot
 57745 | Orc:2    | Bought a scroll of revelation for 105 gold pieces
 58088 | Zot:1    | Reached skill level 15 in Stealth
 58130 | Zot:1    | Reached XP level 24. HP: 142/142 MP: 38/38
 58305 | Zot:1    | You fall into a shaft and drop 1 floor!
 58909 | Zot:1    | Identified the +2 helmet "Jeco" {Contam Will+ Dex+8 Slay+2}
 59038 | Zot:2    | Noticed an ancient lich
 59039 | Zot:2    | Noticed a Killer Klown
 59042 | Zot:2    | Noticed a Killer Klown
 59059 | Zot:2    | Reached skill level 10 in Evocations
 59060 | Zot:2    | Killed an ancient lich
 59062 | Zot:2    | Noticed a Killer Klown
 59069 | Zot:2    | Killed a Killer Klown
 59084 | Zot:2    | Killed a Killer Klown
 59097 | Zot:2    | Killed a Killer Klown
 59187 | Zot:2    | Noticed a Killer Klown
 59190 | Zot:2    | Killed a Killer Klown
 59871 | Zot:3    | Found a stormy altar of Qazlal.
 60040 | Zot:3    | Reached skill level 22 in Invocations
 60748 | Zot:4    | Reached XP level 25. HP: 147/147 MP: 39/39
 60756 | Zot:4    | Reached skill level 23 in Invocations
 60902 | Zot:4    | Noticed Vv
 60915 | Zot:4    | Killed Vv
 61096 | Zot:5    | Entered Level 5 of the Realm of Zot
 61421 | Zot:5    | Noticed a dread lich
 61422 | Zot:5    | Noticed an orb of fire
 61424 | Zot:5    | Gained mutation: You are weak. (Str -2) [an orb of fire]
 61433 | Zot:5    | Gained mutation: Your magical capacity is low. (-10% MP)
                  | [an orb of fire]
 61438 | Zot:5    | Killed a dread lich
 61439 | Zot:5    | Killed an orb of fire
 61453 | Zot:5    | Noticed a Killer Klown
 61455 | Zot:5    | Noticed an ancient lich
 61455 | Zot:5    | Noticed a Killer Klown
 61463 | Zot:5    | Killed a Killer Klown
 61464 | Zot:5    | Reached skill level 24 in Invocations
 61468 | Zot:5    | Killed an ancient lich
 61479 | Zot:5    | Noticed a dread lich
 61491 | Zot:5    | Noticed an orb of fire
 61496 | Zot:5    | Noticed a dread lich
 61497 | Zot:5    | Killed a dread lich
 61498 | Zot:5    | Killed an orb of fire
 61504 | Zot:5    | Noticed an orb of fire
 61615 | Zot:5    | Killed a dread lich
 61667 | Zot:5    | Noticed a dread lich
 61683 | Zot:5    | Killed a dread lich
 61742 | Zot:5    | Noticed an orb of fire
 61754 | Zot:5    | Killed an orb of fire
 61755 | Zot:5    | Killed an orb of fire
 61756 | Zot:5    | Reached skill level 25 in Invocations
 62019 | Zot:5    | Noticed an orb of fire
 62024 | Zot:5    | Got the Orb of Zot
 62025 | Zot:5    | Noticed an orb of fire
 62027 | Zot:5    | Noticed an orb of fire
 62036 | Zot:5    | Killed an orb of fire
 62042 | Zot:5    | Noticed a dread lich
 62044 | Zot:5    | Noticed a dread lich
 62045 | Zot:5    | Noticed a Killer Klown
 62047 | Zot:5    | Killed from afar by an orb of fire
 62064 | Zot:5    | Killed an orb of fire
 62660 | D:1      | gg
 62661 | D:$      | Escaped with the Orb!

Illustrated notes

########........⌠........# ## #
#.................# #.
#.................#######. #####
#..#####...#####......#... ....#
#..#...#####...#..###>.### ....##
#..#.8.......8.#......## #
.....###..#...........#......#
..........###.......###......## #
....####....#...8...#........)###
##### #....#.......#....#####...
##### #....#.......#....# ##..
#...## #....#....)..#....# ##..
.###.###....#.......#....# #...
#####.##....###...###....#####...
..............#'''#......##.##...
...##.##...................#.##..
...#..##.....♣.....♣.....##.####.


Turn 62660 on D:1: gg

Levels and vault maps discovered:
D:1:      wander_arrival_estate, layout_loops_cross, serial_glass,
          glass_columns_c, glass_columns_b, glass_columns_a, glass_columns_b
D:2:      layout_basic, nicolae_ecumenical_oubliette, basic_altar, serial_glass,
          glass_columns_a, glass_columns_c, minmay_domino_2
D:3:      layout_rooms
D:4:      layout_loops_corners, mainiacjoe_overflow_large_starburst,
          nicolae_wormholes, uniq_menkaure, uniq_blork_the_orc, uniq_grinder
D:5:      layout_basic
D:6:      layout_cave_pools, kennysheep_slug_shrine, trog_ov_bears_minmay,
          uniq_sigmund
D:7:      layout_cave_pods, lemuel_temple_firewalk_b,
          chequers_serial_rivers_room_b, minmay_fractal_squares_diagonal_5
D:8:      layout_basic
D:9:      layout_basic
D:10:     layout_roguey, dpeg_lair_monsters, david_orc_1_choice
D:11:     cheibrodos_barr_body, layout_rooms, tso_altar
D:12:     layout_cave_pools
D:13:     layout_big_octagon, david_vaults_5, gauntlet_entry_generic
D:14:     layout_loops_ring, corexii_hall_statues_i
D:15:     gammafunk_enter_depths_forms, layout_cave_pools, dk_noncrumbling_4,
          uniq_agnes, uniq_azrael
Temple:   nicolae_temple_two_arcs
Lair:1:   layout_hall_layers, nzn_ghost_randoct, hangedman_lair_generics_rect
Lair:2:   layout_cave_pods, minmay_swamp_entry_reptiles,
          nicolae_spider_entry_lesser_pyramids, serial_bayou_crossing,
          lemuel_fruit_fields
Lair:3:   layout_chaotic_city, gammafunk_ghost_split,
          hellmonk_guarded_unrand_seven_league_boots
Lair:4:   layout_long_grid
Lair:5:   minmay_lair_end_frog_pond, layout_gridlike, slime_entry_1,
          special_room [special_room_bee], nicolae_volcano_entry_vermiform,
          eino_house_with_fridge, uniq_urug
Swamp:1:  layout_basic_swamp, evilmike_swamp_ruin_house_6
Swamp:2:  layout_basic_swamp, evilmike_swamp_ruin_rubble_1
Swamp:3:  layout_falls_marsh, nicolae_swamp_small_spring
Swamp:4:  swamp_old_school, layout_basic_swamp, swamp_pool_1_2
Spider:1: layout_spider_delve, drop_trap, hive_lemuel
Spider:2: layout_chambers, portal_ice_cave_entry_ice_statue_two,
          nicolae_spider_solar_radiation
Spider:3: layout_spider_delve, gammafunk_ghost_mausoleum
Spider:4: grunt_spider_rune_parallel, ebering_ghost_xom,
          nicolae_spider_stair_cavern
Orc:1:    layout_diamond_mine, okawaru_metal_pillars_1_2
Orc:2:    pubby_orc_utopia
Elf:1:    eino_elf_arrival_sip, layout_geoelf_diagonals, basic_altar,
          kennysheep_underground_church, nicolae_shop_unique_rings
Elf:2:    nicolae_elf_blades_splatter_lattice
          [nicolae_blade_entry_splitting_headache], layout_geoelf_octagon,
          serial_shops, shop, enter_trove_1, drop_trap, st_stairs_6,
          grunt_megastairs_2
Elf:3:    elf_hall, layout_geoelf_grid, drop_trap,
          minmay_checkered_concentric_circles
Vaults:1: v_misc_27, nicolae_vaults_network_square, v_misc_9,
          nicolae_vaults_ring_of_whatevers, nicolae_vaults_prndl, v_pattern_4,
          vaults_mumra_hex, vaults_dpeg_ring, nicolae_vaults_circle_grid_a,
          v_misc_13, nicolae_vaults_diamond_1,
          nicolae_vaults_diagonal_hallway_6, layout_vaults_quadrants,
          serial_shops, nicolae_shop_stone
Vaults:2: nicolae_vaults_tetromino_T_2, wander_protected_by_tso, v_pattern_2,
          v_alt_pattern_4, nicolae_vaults_tetromino_Z_1, v_misc_28,
          v_alt_pattern_1, v_misc_24, v_alt_pattern_2, hangedman_vaults_pinch,
          vaults_room_door_hall, nicolae_vaults_alarming,
          minmay_crypt_entry_nasty_monster, nicolae_vaults_little_squares_4,
          nicolae_vaults_tetromino_T_1, layout_vaults_omnicross
Vaults:3: v_misc_31, nicolae_vaults_house_1, v_misc_30,
          nicolae_vaults_double_plus_1, vaults_mumra_minichess_inversion,
          nicolae_vaults_murderbox, ontoclasm_vaults_ring_square,
          vaults_room_grid, dpeg_vaults_monster_box,
          nicolae_vaults_heart-shaped_vault, nicolae_vaults_network_s,
          vaults_room_door_ring, vaults_room_pool, layout_vaults_chaotic_city
Vaults:4: ontoclasm_vaults_loading_screen, ontoclasm_vaults_spin,
          ontoclasm_vaults_ring_large, v_rooms_6, grunt_vaults_trifunnel,
          nicolae_vaults_storage_room_statues, st_lines,
          nicolae_vaults_little_squares_1, nicolae_vaults_double_plus_3,
          vaults_room_octagon, vaults_mumra_chevron, nicolae_vaults_diamond_2,
          grunt_vaults_funnel, nicolae_vaults_border_crossing,
          layout_vaults_maze, uniq_mara, uniq_jory
Vaults:5: serial_shops, uniq_xtahua
Depths:1: layout_honeycomb, grunt_hell_entry_dis_grunt,
          hellmonk_sif_muna_bookshelves, chequers_serial_rivers_micro_a,
          chequers_decorated_corner, nicolae_ashenzari_panopticon
Depths:2: evilmike_cross, layout_gridlike, serial_shops,
          nicolae_shop_just_a_little_nook, grunt_metal_band,
          minmay_misc_feat_tiny, rand_demon_pan_entry_1,
          hangedman_abyss_or_decor_jellyfish_corner, st_stairs_4
Depths:3: hangedman_elemental_death_ray, layout_cave_shapes,
          abyss_entry_flame_altar, hell_entry, minmay_staircase_windowed_small,
          minmay_shop_star, grunt_megastairs_4
Depths:4: evilmike_zot_entry_castle, layout_gridlike, enter_ziggurat_f,
          hell_entry, abyss_entry, chequers_serial_rivers_small_b,
          minmay_shop_grove
Zot:1:    layout_basic, grunt_ministairs_8, regret_index_zotdec_zees
Zot:2:    ebering_klown_carousel, layout_onion, regret_index_zotdec_bone_old,
          grunt_megastairs_5
Zot:3:    layout_basic, regret_index_zotdec_storm_pass, st_stairs_4,
          st_large_dragon_hoard_4
Zot:4:    layout_onion_interference, zot_minivault_5, uniq_vv
Zot:5:    layout_gridville

Skill      XL: |  1  2  3  4  5  6  7  8  9 10 11 12 13 14 15 16 17 18 19 20 21 22 23 24 25 |
---------------+----------------------------------------------------------------------------+-----
Shapeshifting  | 2 3 4 5 6 7 9 10 11 12 15 16 17 | 17.5
Fighting       | 2 3 4 5 6 8 10 12 13 14 15 16 17 20 | 20.0
Dodging        | 4 5 6 7 8 10 12 14 15 16 17 20 | 20.0
Unarmed Combat | 4 5 6 7 8 10 12 14 15 16 18 20 | 20.0
Evocations     | 1 5 6 8 12 | 12.0
Invocations    | 2 5 7 8 9 10 13 15 17 21 22 25 | 25.9
Spellcasting   | 1 2 |  2.0
Summonings     | 3 |  3.0
Stealth        | 5 7 10 15 20 | 20.0
Hexes          | 8 |  8.0
Ice Magic      | 1 |  1.0

Action                     |  1- 3 |  4- 6 |  7- 9 | 10-12 | 13-15 | 16-18 | 19-21 | 22-24 | 25-27 || total
---------------------------+-------+-------+-------+-------+-------+-------+-------+-------+-------++-------
  Melee: Unarmed           |    91 |    85 |   326 |   724 |  1533 |  1874 |  1099 |  1158 |   269 ||  7159
         Bite              |     6 |    11 |    47 |   123 |   200 |   234 |   189 |   220 |    53 ||  1083
         Punch             |     1 |     3 |    13 |     1 |       |     3 |   200 |   214 |    58 ||   493
         Constrict         |       |       |       |       |   109 |   110 |       |       |       ||   219
         Maw               |       |       |       |       |       |     6 |   220 |       |       ||   226
   Cast: Summon Small Mamm |       |       |       |     2 |       |       |       |       |       ||     2
         Ensorcelled Hiber |       |       |       |       |    17 |     7 |       |       |       ||    24
 Invoke: Line Pass         |       |       |       |     3 |     2 |     2 |     1 |     4 |       ||    12
         Stomp             |       |       |       |       |     5 |     8 |     2 |     6 |     5 ||    26
         Grand Finale      |       |       |       |       |     1 |     4 |    10 |     9 |     4 ||    28
  Evoke: Wand              |       |    11 |    11 |    13 |     1 |    10 |     3 |     5 |       ||    54
         Box of beasts     |       |       |       |       |     1 |     1 |     1 |       |       ||     3
         Lightning rod     |       |       |       |       |       |     8 |     4 |       |       ||    12
         Phantom mirror    |       |       |       |       |       |       |     2 |     1 |       ||     3
         Tin of tremorston |       |       |       |       |       |       |       |     2 |       ||     2
    Use: Scroll            |     4 |     2 |    11 |     8 |    12 |    13 |     4 |     4 |     7 ||    65
         Potion            |     1 |     1 |     1 |     1 |     3 |     9 |     2 |     1 |    12 ||    31
   Stab: Sleeping          |     3 |     1 |     1 |       |    11 |    21 |    28 |    31 |     2 ||    98
         Paralysed         |       |       |     1 |    30 |    98 |   157 |   103 |   134 |    23 ||   546
         Distracted        |       |       |       |     1 |     3 |     6 |    12 |     5 |     2 ||    29
         Confused          |       |       |       |       |       |     1 |       |     4 |       ||     5
         Invisible         |       |       |       |       |       |       |     2 |       |       ||     2
 Armour: Skin              |    30 |    27 |   111 |   180 |   339 |   523 |   290 |   398 |   112 ||  2010
  Dodge: Dodged            |    56 |    52 |   329 |   789 |  1759 |  2798 |  1645 |  2455 |   589 || 10472
   Form: Flux              |       |       |       |     1 |       |     1 |       |       |       ||     2
         Anaconda          |       |       |       |       |     1 |       |       |       |       ||     1
         Maw               |       |       |       |       |       |     1 |       |       |       ||     1
         Statue            |       |       |       |       |       |       |     1 |       |     1 ||     2
                           |       |       |       |       |       |       |       |       |     1 ||     1

Table legend: (Time is in decaauts)
 A = Elapsed time spent in this place.
 B = Non-inter-level travel time spent in this place.
 C = Inter-level travel time spent in this place.
 D = Time resting spent in this place.
 E = Time spent auto-exploring this place.
 F = Levels seen in this place.
 G = Mean time per level.
                   A        B        C        D        E       F      G
               +--------+--------+--------+--------+--------+-----+--------+
         Total |  67417 |  61611 |   5806 |  13905 |  29742 |  51 | 1321.9 |
       Dungeon |  18191 |  16078 |   2113 |   3937 |   7843 |  15 | 1212.7 |
        Temple |    170 |    156 |     14 |    135 |      0 |   1 |  170.0 |
          Lair |   9633 |   8895 |    738 |   3304 |   2941 |   5 | 1926.6 |
         Swamp |   4874 |   4742 |    132 |   2416 |   1197 |   4 | 1218.5 |
   Spider Nest |   5912 |   5290 |    622 |   1048 |   2562 |   4 | 1478.0 |
  Orcish Mines |   2138 |   1728 |    410 |     10 |   1099 |   2 | 1069.0 |
   Elven Halls |   3546 |   3313 |    233 |    692 |   1485 |   3 | 1182.0 |
        Vaults |   9016 |   8555 |    461 |   1039 |   5062 |   5 | 1803.2 |
        Depths |   6577 |   5828 |    749 |    375 |   3919 |   4 | 1644.2 |
           Zot |   5863 |   5532 |    331 |    559 |   3075 |   5 | 1172.6 |
      Ice Cave |   1033 |   1033 |      0 |    250 |    417 |   1 | 1033.0 |
       Volcano |     13 |     13 |      0 |      0 |      0 |   1 |   13.0 |
      Gauntlet |    445 |    445 |      0 |    135 |    139 |   1 |  445.0 |
               +--------+--------+--------+--------+--------+-----+--------+

Top non-repeatable levels by time:
  Lair:2: 2915 daAuts
    D:10: 2428 daAuts
Spider:4: 2195 daAuts
  Lair:5: 2151 daAuts
     D:5: 2145 daAuts
Depths:4: 2075 daAuts
     D:4: 2065 daAuts
  Lair:3: 2063 daAuts
Vaults:5: 2025 daAuts
    D:11: 1965 daAuts
Vaults:4: 1890 daAuts
 Swamp:3: 1888 daAuts
Vaults:2: 1819 daAuts
Vaults:3: 1779 daAuts
Depths:1: 1681 daAuts
